 Dungeon Crawl Stone Soup version 0.22-a0-322-g60b3cfd (webtiles) character file.

216 xccam the Covered (level 5, -6/64 HPs)
             Began as a Gnoll Wanderer on Apr 4, 2018.
             Killed from afar by Sigmund (10 damage)
             ... with a magic dart
             ... on level 3 of the Dungeon.
             The game lasted 00:03:57 (1966 turns).

xccam the Covered (Gnoll Wanderer)                  Turns: 1966, Time: 00:03:57

Health: -6/64      AC: 22    Str: 15    XL:     5   Next: 93%
Magic:  9/9        EV:  2    Int: 20    God:
Gold:   169        SH:  0    Dex: 19    Spells: 10/10 levels left

rFire    . . .     SeeInvis .   a - +2 hand axe
rCold    . . .     Gourm    +   (no shield)
rNeg     + + +     Faith    .   (armour currently unavailable)
rPois    +         Spirit   .   (helmet currently unavailable)
rElec    .         Reflect  .   (cloak currently unavailable)
rCorr    .         Harm     .   (gloves currently unavailable)
MR       .....     NoTele   +   (boots currently unavailable)
Stlth    ++++......             g - amulet of the gourmand
HPRegen  0.20/turn              (no ring)
MPRegen  0.11/turn              (no ring)

@: brilliant, agile, tree-form
A: distributed training, strong nose
a: no special abilities


You were on level 3 of the Dungeon.
You were very full.
You were a tree.
You visited 1 branch of the dungeon, and saw 3 of its levels.

You collected 169 gold pieces.

Inventory:

Hand Weapons
 a - a +2 hand axe (weapon)
Armour
 c - a +0 robe
 k - a +0 pair of gloves
 l - +0 fire dragon scales (melded)
 m - a +0 chain mail
Jewellery
 g - an amulet of the gourmand (around neck)
Wands
 p - a wand of flame (25)
Scrolls
 b - 2 scrolls of teleportation
 e - 2 scrolls of identify {unknown}
 f - 2 scrolls of magic mapping {unknown}
 q - a scroll of amnesia {unknown}
 s - a scroll of remove curse {unknown}
Potions
 h - a potion of magic
Comestibles
 d - 5 rations


   Skills:
 + Level 4.8 Fighting
 + Level 1.6 Short Blades
 + Level 1.6 Long Blades
 + Level 3.1 Axes
 + Level 1.6 Maces & Flails
 + Level 1.6 Polearms
 + Level 1.6 Staves
 + Level 1.6 Slings
 + Level 1.6 Bows
 + Level 1.6 Crossbows
 + Level 1.6 Throwing
 + Level 4.8 Armour
 + Level 1.6 Dodging
 + Level 2.9 Stealth
 + Level 3.1 Shields
 + Level 1.6 Unarmed Combat
 + Level 3.2 Spellcasting
 + Level 1.3 Conjurations
 + Level 1.3 Hexes
 + Level 1.3 Charms
 + Level 1.3 Summonings
 + Level 1.3 Necromancy
 + Level 1.3 Translocations
 + Level 1.3 Transmutations
 + Level 1.3 Fire Magic
 + Level 1.3 Ice Magic
 + Level 2.5 Air Magic
 + Level 2.5 Earth Magic
 + Level 1.3 Poison Magic
 + Level 1.9 Invocations
 + Level 1.6 Evocations


You had 10 spell levels left.
You didn't know any spells.

Dungeon Overview and Level Annotations

Branches:
Dungeon (3/15)

Altars:
Xom

Annotations:
D:3 Sigmund


Innate Abilities, Weirdness & Mutations

Your experience applies equally to all skills.
((You have very sharp teeth.))
Your uncanny sense of smell can sniff out nearby items.


Message History

* * * LOW HITPOINT WARNING * * *
It was a potion of magic.
Magic courses through your body.
It was a potion of cancellation.
Your magical effects are unravelling.
You feel magically purged.
You feel less confused. Something hits you but does no damage.
Okay, then.
It was a potion of lignification.
You turn into a tree.
Your +0 fire dragon scales melds into your body.
Your roots penetrate the ground.
Something hits you but does no damage.
It was a potion of flight.
Your roots keep you in place.
It was a potion of brilliance.
You feel clever all of a sudden. Something hits you but does no damage.
It was a potion of agility.
You feel agile all of a sudden.
A magic dart appears from out of thin air!
The magic dart hits you!
You die...

....
#.....###........#
...
+.................
..
#....#.##.##...... #
###....#.##.##......
#......#.##.##......
#.######.##.##.._...
#$## #.##........(
#####..#####..#.#
......
........♣.....(#.#
#.......)[...#...#
#........{≈..#
#.......≈..≈.#
≈...≈≈..≈..≈≈≈#
≈..≈..≈..≈..≈≈≈#
≈..≈..≈⌠.≈...≈≈#
...≈.⌠≈..≈..≈≈#


There were no monsters in sight!

Vanquished Creatures
  Jessica (D:3)
  Natasha (thrice) (D:2)
  2 adders (D:2)
  6 worms
  5 dart slugs
  2 leopard geckos
  An orc (D:3)
  3 giant cockroaches
  12 goblins
  11 hobgoblins
  9 kobolds
  A quokka (D:2)
  6 bats
  3 frilled lizards
  6 rats
71 creatures vanquished.

Notes
Turn   | Place    | Note
-------+----------+-------------------------------------------
     0 | D:1      | xccam the Gnoll Wanderer began the quest for the Orb.
     0 | D:1      | xccam set off with: a +2 hand axe, 2 scrolls of teleportation, a +0 robe, a ration
     0 | D:1      | Reached XP level 1. HP: 20/20 MP: 4/4
   106 | D:1      | Reached XP level 2. HP: 26/26 MP: 5/5
   600 | D:1      | Reached XP level 3. HP: 27/31 MP: 7/7
  1039 | D:2      | Reached skill level 1 in Invocations
  1145 | D:2      | Reached skill level 1 in Short Blades
  1145 | D:2      | Reached skill level 1 in Long Blades
  1145 | D:2      | Reached skill level 1 in Maces & Flails
  1145 | D:2      | Reached skill level 1 in Polearms
  1145 | D:2      | Reached skill level 1 in Staves
  1145 | D:2      | Reached skill level 1 in Slings
  1145 | D:2      | Reached skill level 1 in Bows
  1145 | D:2      | Reached skill level 1 in Crossbows
  1145 | D:2      | Reached skill level 1 in Throwing
  1145 | D:2      | Reached skill level 1 in Dodging
  1145 | D:2      | Reached skill level 1 in Unarmed Combat
  1145 | D:2      | Reached skill level 1 in Evocations
  1148 | D:2      | Reached XP level 4. HP: 30/38 MP: 8/8
  1383 | D:2      | Noticed Natasha
  1395 | D:2      | Killed Natasha
  1395 | D:2      | Reached skill level 1 in Conjurations
  1395 | D:2      | Reached skill level 1 in Hexes
  1395 | D:2      | Reached skill level 1 in Charms
  1395 | D:2      | Reached skill level 1 in Summonings
  1395 | D:2      | Reached skill level 1 in Necromancy
  1395 | D:2      | Reached skill level 1 in Translocations
  1395 | D:2      | Reached skill level 1 in Transmutations
  1395 | D:2      | Reached skill level 1 in Fire Magic
  1395 | D:2      | Reached skill level 1 in Ice Magic
  1395 | D:2      | Reached skill level 1 in Poison Magic
  1451 | D:2      | Noticed Natasha
  1453 | D:2      | Killed Natasha
  1453 | D:2      | Reached XP level 5. HP: 28/43 MP: 9/9
  1684 | D:2      | Noticed Natasha
  1686 | D:2      | Killed Natasha
  1882 | D:3      | Found a shimmering altar of Xom.
  1885 | D:3      | Found a shimmering altar of Xom.
  1918 | D:3      | Found a shimmering altar of Xom.
  1943 | D:3      | Noticed Jessica
  1944 | D:3      | Noticed Sigmund
  1955 | D:3      | Killed Jessica
  1960 | D:3      | HP: 2/43 [something (3)]
  1966 | D:3      | Killed from afar by Sigmund

Vault maps used:
D:1:      dpeg_chamrin_arrival_tetris
D:2:      cheibrodos_greedy_goblins, uniq_natasha
D:3:      cheibrodos_helix_gallery, nicolae_xom_altar_mimics,
          overflow_temple_1_default, nicolae_ru_sacrificial_ziggurat,
          uniq_terence, uniq_sigmund, uniq_jessica, uniq_grinder

Skill      XL: |  1  2  3  4  5 |
---------------+----------------+-----
Air Magic      | 2 |  2.5
Earth Magic    | 2 |  2.5
Invocations    | 1 |  1.9
Short Blades   | 1 |  1.6
Long Blades    | 1 |  1.6
Maces & Flails | 1 |  1.6
Polearms       | 1 |  1.6
Staves         | 1 |  1.6
Slings         | 1 |  1.6
Bows           | 1 |  1.6
Crossbows      | 1 |  1.6
Throwing       | 1 |  1.6
Dodging        | 1 |  1.6
Unarmed Combat | 1 |  1.6
Evocations     | 1 |  1.6
Spellcasting   | 3 |  3.2
Conjurations   | 1 |  1.3
Hexes          | 1 |  1.3
Charms         | 1 |  1.3
Summonings     | 1 |  1.3
Necromancy     | 1 |  1.3
Translocations | 1 |  1.3
Transmutations | 1 |  1.3
Fire Magic     | 1 |  1.3
Ice Magic      | 1 |  1.3
Poison Magic   | 1 |  1.3
Axes           | 3 |  3.1
Shields        | 3 |  3.1
Fighting       | |  4.8
Armour         | |  4.8
Stealth        | |  2.9

Action                   |  1- 3 |  4- 6 || total
-------------------------+-------+-------++-------
Melee: Hand axe          |    89 |    95 ||   184
       Bite              |     8 |     8 ||    16
Evoke: Wand              |       |     3 ||     3
  Use: Potion            |       |     6 ||     6
 Stab: Sleeping          |     3 |       ||     3
  Eat: Chunk             |     6 |     6 ||    12
Armor: Robe              |    16 |       ||    16
       Fire dragon scale |    10 |    40 ||    50
       Skin              |       |     2 ||     2
Dodge: Dodged            |    53 |    48 ||   101

Table legend:
 A = Spawn XP
 B = Non-spawn XP
 C = Spawn XP percentage of total XP
 D = Spawn monster count
 E = Non-spawn monster count
 F = Spawn count percentage of total count
 G = Total turns spent on level
                    A         B        C        D         E        F      G
               +---------+---------+-------+---------+---------+-------+---------
         Total |       0 |     309 |   0.0 |       0 |      71 |   0.0 |  1966
               +---------+---------+-------+---------+---------+-------+---------
           D:1 |       0 |      47 |   0.0 |       0 |      27 |   0.0 |  1015
           D:2 |       0 |     208 |   0.0 |       0 |      37 |   0.0 |   865
           D:3 |       0 |      54 |   0.0 |       0 |       7 |   0.0 |    86
               +---------+---------+-------+---------+---------+-------+---------
